 Dungeon Crawl Stone Soup version 0.30-a0-924-g0ad0bf95bc (webtiles) character file.

Game seed: 10875411825970556560

34965 IdlyInterested the Basher (level 13, -3/96 HPs)
             Began as a Demonspawn Gladiator on Mar 22, 2023.
             Was a Priest of Dithmenos.
             Slain by a vault guard
             ... wielding a +1 vampiric bardiche
              (14 damage)
             ... on level 13 of the Dungeon.
             The game lasted 00:54:06 (14758 turns).

IdlyInterested the Basher (Demonspawn Gladiator)   Turns: 14758, Time: 00:54:07

Health: -3/96      AC: 17    Str: 15    XL:     13   Next: 45%
Magic:  0/16       EV: 13    Int: 13    God:    Dithmenos [***...]
Gold:   1047       SH:  0    Dex: 30    Spells: 11/12 levels left

rFire   + . .      SeeInvis .    Q - +9 rapier of Virtue {heavy, Drain rElec Dex+4}
rCold   + . .      Faith    .    (no shield)
rNeg    . . .      Spirit   +    C - +0 chain mail
rPois   .          Reflect  .    F - +2 hat
rElec   +          Rampage  .    K - +0 cloak
rCorr   +                        (no gloves)
Will    +++..                    B - +0 pair of boots of the Eternal Fruit {Drain rCorr Dex+4}
Stlth   +++++                    k - amulet of guardian spirit
HPRegen 0.36/turn                V - ring "Roehel" {Drain rF+ rC+ Will+++ rCorr}
MPRegen 0.15/turn                P - +4 ring of protection

@: mighty, agile, wreathed by umbra
A: claws 1, thin skeletal structure 3, powered by pain 2, demonic magic 2,
clever 1, weak 1, evolution 1
a: Renounce Religion, Shadow Step


You were on level 13 of the Dungeon.
You worshipped Dithmenos.
Dithmenos was most pleased with you.
You visited 2 branches of the dungeon, and saw 14 of its levels.
You also visited: Bailey.

You collected 1784 gold pieces.
You spent 737 gold pieces at shops.

Inventory:

Hand Weapons
 n - a +4 dagger
 Q - the +9 rapier of Virtue (weapon) {heavy, Drain rElec Dex+4}
   (You found it on level 8 of the Dungeon)

   Dex:       It affects your dexterity (+4).
   rElec:     It insulates you from electricity.
   Drain:     It drains your maximum health when unequipped.
Missiles
 d - 4 throwing nets
 e - a javelin
 f - 117 stones
 r - 6 curare-tipped darts
 w - 4 atropa-tipped darts
 A - 49 poisoned darts (quivered)
 G - 4 boomerangs
Armour
 B - the +0 pair of boots of the Eternal Fruit (worn) {Drain rCorr Dex+4}
   (You found it on level 7 of the Dungeon)

   Dex:       It affects your dexterity (+4).
   rCorr:     It protects you from acid and corrosion.
   Drain:     It drains your maximum health when unequipped.
 C - a +0 chain mail (worn)
 F - a +2 hat (worn)
 K - a +0 cloak (worn)
Magical Staves
 J - a staff of air
Jewellery
 a - a ring of see invisible
 k - an amulet of guardian spirit (around neck)
 l - a ring of resist corrosion
 o - a +6 ring of strength
 q - an amulet of magic regeneration
 v - a ring of fire
 L - a ring of wizardry
 P - a +4 ring of protection (right claw)
 V - the ring "Roehel" (left claw) {Drain rF+ rC+ Will+++ rCorr}
   (You bought it in a shop on level 5 of the Dungeon)

   [ring of protection from fire]

   rF:        It protects you from fire.
   rC:        It protects you from cold.
   rCorr:     It protects you from acid and corrosion.
   Drain:     It drains your maximum health when unequipped.
   Will:      It greatly increases your willpower.
Wands
 p - a wand of roots (26)
 u - a wand of paralysis (6)
 N - a wand of mindburst (32)
 S - a wand of quicksilver (13)
Scrolls
 c - a scroll of butterflies
 j - 4 scrolls of fear
 y - a scroll of enchant armour
 z - a scroll of immolation
 I - 2 scrolls of blinking
 M - 3 scrolls of fog
 O - 3 scrolls of teleportation
 T - a scroll of vulnerability
Potions
 b - 3 potions of resistance
 g - 4 potions of curing
 h - 3 potions of brilliance
 i - 5 potions of magic
 m - a potion of haste
 x - 2 potions of attraction
 D - 2 potions of flight
 R - 2 potions of mutation
Miscellaneous
 E - a condenser vane (inert)


   Skills:
 + Level 7.3 Fighting
 * Level 9.8 Short Blades
 - Level 12.5 Maces & Flails
 - Level 2.0 Throwing
 - Level 4.0 Armour
 - Level 2.6 Dodging
 + Level 5.2 Stealth
 - Level 4.0 Unarmed Combat
 - Level 7.2 Translocations
 - Level 4.0 Invocations
 - Level 4.0 Evocations


You had 11 spell levels left.
You knew the following spells:

 Your Spells              Type           Power      Damage    Failure   Level
a - Apportation           Tloc           36%        N/A       30%         1

Your spell library contained the following spells:

 Spells                   Type           Power      Damage    Failure   Level
 Blink                    Tloc           36%        N/A       43%         2
 Lesser Beckoning         Tloc           36%        N/A       43%         2
 Gell's Gravitas          Tloc           18%        N/A       67%         3
 Teleport Other           Tloc           18%        N/A       67%         3
 Momentum Strike          Conj/Tloc      18%        3d8       90%         2
 Freeze                   Ice            0%         1d3       99%         1
 Necrotise                Necr           0%         1d4       99%         1
 Sting                    Tmut/Pois      0%         1d3       99%         1
 Summon Small Mammal      Summ           0%         N/A       99%         1
 Poisonous Vapours        Pois/Air       0%         N/A       100%        2
 Frozen Ramparts          Ice            0%         1d1       100%        3
 Hailstorm                Conj/Ice       0%         3d3       100%        3
 Animate Armour           Summ/Erth      0%         N/A       100%        4
 Olgreb's Toxic Radiance  Pois           0%         N/A       100%        4
 Alistair's Intoxication  Tmut/Pois      0%         N/A       100%        5
 Blade Hands              Tmut           0%         N/A       100%        5
 Dispersal                Tloc           9%         N/A       100%        6
 Iron Shot                Conj/Erth      0%         9d1       100%        6


Dungeon Overview and Level Annotations

Branches:
Dungeon (13/15)            Temple (1/1) D:5            Lair (0/5) D:10
    Orc (0/2) D:9          Vaults (0/5) D:13         Bailey (visited)

Altars:
Ashenzari
Cheibriados
Dithmenos
Fedhas
Gozag
Hepliaklqana
Kikubaaqudgha
Makhleb
Nemelex Xobeh
Okawaru
Qazlal
Ru
Sif Muna
Trog
Uskayaw
Vehumet
Wu Jian
Xom
Yredelemnul

Shops:
D:4 ?   D:5 =   D:9 [   D:11 :!!:

Portals:
Trove: D:11 (show abyssal rune of Zot)


Innate Abilities, Weirdness & Mutations

You have sharp fingernails.
You have an unnaturally thin skeletal structure. (Dex +6, Stealth+++)
You sometimes gain power by taking damage.
Spells you cast may paralyse nearby enemies.
Your mind is acute. (Int +4, Str/Dex -1)
You are weak. (Str -2)
You have hidden genetic potential.


Message History

You focus on the pain.
You feel very mighty all of a sudden.
The vault guard draws strength from your wounds!
The vault guard hits you with a +0 dire flail!
You hit the vault guard.
The vault guard is almost dead.
The shadow hits you.
The vault guard is engulfed in freezing vapours.
The vault guard hits you from afar with a +1 vampiric bardiche.
The vault guard draws strength from your wounds!
The vault guard hits you with a +0 dire flail!
* * * LOW HITPOINT WARNING * * *
You focus on the pain.
You feel agile all of a sudden.
Okay, then.
You puncture the vault guard!
You kill the vault guard!
Dithmenos accepts your kill.
The shadow slips into darkness.
The shadow flickers and vanishes!
Deactivating autopickup; reactivate with Ctrl-A.
The vault guard is engulfed in freezing vapours.
The vault guard hits you from afar with a +1 vampiric bardiche!
* * * LOW HITPOINT WARNING * * *
The vault guard draws strength from your wounds!
You impale something!! Dithmenos accepts your kill.
Reactivating autopickup.
You feel a bit more experienced.
The vault guard hits you but does no damage.
You closely miss the vault guard.
The vault guard is moderately wounded.
The vault guard is engulfed in freezing vapours.
The vault guard completely misses you.
You impale the vault guard!!
The vault guard is severely wounded.
The vault guard closely misses you. x2
The vault guard is engulfed in freezing vapours.
The vault guard hits you from afar with a +1 vampiric bardiche!!
You die...

............................#
............†...............#
......##.......##...........#
.....####.....####..........#
....#* ##...## ##.........#
....** *##+##* ##.........#
,..,,****...,,**##.......<..#
***,,,**,#c.J#,##...#########
,,,,,,,*,......#@.....#,,,,,*
,,,,,,,+,☼§°§§○pp.....#,,,,,*
,,,,,,,*,☼.☼°Rp#......#,,,,,*
,,,,,,**,#☼§.#☼##.....#**+***
,,,,,****.§§,.**##....#,,,,,*
,,,,** *##+##* ##...#,,,,,*
,,,,** **,,,** **...#,,,,,*
,,,,,****,,,,,****,...+,,,,,*
,,,,,,**,,,,,,,**,,,..#,,,,,*


You could see 3 vault guards and an efreet.

Vanquished Creatures
  Harold (D:10)
  3 vault guards
  The ghost of Pimp the Geomancer, a journeyman DrEE of Vehumet (D:11)
  A centaur warrior (D:12)
  A catoblepas (D:11)
  2 two-headed ogres
  2 boulder beetles
  An orc knight (D:11)
  A mana viper (shapeshifter) (D:11)
  3 ugly things
  A cyclops (D:11)
  A manticore (D:12)
  Joseph (D:8)
  Maurice (D:8)
  A gargoyle (D:12)
  Psyche (D:8)
  An efreet (D:13)
  A kobold demonologist (D:10)
  2 hornets
  A troll (D:9)
  A blink frog (Bailey)
  Prince Ribbit (D:5)
  3 slime creatures
  2 shadows
  4 wraiths
  A vampire (D:12)
  2 wyverns
  Eustachio (D:4)
  6 humans (Bailey)
  6 vampire mosquitoes
  A steam dragon (D:10)
  3 acid dragons (D:11)
  Edmund (D:5)
  A water moccasin (D:8)
  2 ice beasts
  2 orc warriors
  4 black bears
  A sky beast (D:6)
  3 ogres (D:6)
  A phantom (D:6)
  4 centaurs
  6 kobold brigands
  2 gnoll sergeants
  2 scorpions
  13 bullfrogs
  14 killer bees
  An electric eel (D:10)
  3 howler monkeys
  5 hounds
  Crazy Yiuf (D:7)
  7 orc priests
  A gnoll bouda (D:7)
  3 jellies
  A sleepcap (D:5)
  Ijyb (D:4)
  2 iguanas (D:4)
  8 orc wizards
  25 gnolls
  10 adders
  A shadow imp (D:5)
  2 white imps
  An ufetubus (D:6)
  A worm (D:3)
  A dart slug (D:4)
  22 orcs
  3 ball pythons
  7 bats
  6 endoplasms
  2 giant cockroaches (D:3)
  5 goblins
  8 hobgoblins
  11 jackals
  35 kobolds
  5 quokkas
  3 frilled lizards
  8 rats
303 creatures vanquished.

Vanquished Creatures (others)
  A two-headed ogre (D:11)
  3 plants (D:5)
4 creatures vanquished.

Grand Total: 307 creatures vanquished

Notes
Turn   | Place    | Note
-------+----------+-------------------------------------------
     0 | D:1      | IdlyInterested the Demonspawn Gladiator began the quest for
                  | the Orb.
     0 | D:1      | Reached XP level 1. HP: 16/16 MP: 1/1
    53 | D:1      | Reached skill level 3 in Maces & Flails
   150 | D:1      | Gained mutation: You have sharp fingernails. [demonic
                  | ancestry]
   150 | D:1      | Reached XP level 2. HP: 21/22 MP: 2/2
   757 | D:2      | You fall into a shaft and drop 1 floor!
   771 | D:2      | Gained mutation: You have a somewhat thin skeletal
                  | structure. (Dex +2, Stealth+) [demonic ancestry]
   771 | D:2      | Reached XP level 3. HP: 27/27 MP: 3/3
   811 | D:2      | Reached skill level 1 in Armour
  1040 | D:2      | Reached skill level 4 in Maces & Flails
  1358 | D:2      | Reached XP level 4. HP: 31/33 MP: 4/4
  2659 | D:4      | Found an ancient bone altar of Kikubaaqudgha.
  2675 | D:4      | Reached XP level 5. HP: 21/38 MP: 2/5
  2850 | D:4      | Reached skill level 5 in Maces & Flails
  2857 | D:4      | Reached skill level 1 in Unarmed Combat
  2919 | D:4      | Noticed Eustachio
  2932 | D:4      | Noticed Ijyb
  2948 | D:4      | Killed Eustachio
  2949 | D:4      | Gained mutation: Spells you cast may paralyse adjacent
                  | enemies. [demonic ancestry]
  2949 | D:4      | Reached XP level 6. HP: 36/44 MP: 6/6
  2952 | D:4      | Paralysed by Ijyb for 4 turns
  2967 | D:4      | Paralysed by Ijyb for 5 turns
  2975 | D:4      | HP: 2/66 [Ijyb/+6 spectral club (4)]
  2976 | D:4      | Killed Ijyb
  3218 | D:4      | Reached skill level 1 in Evocations
  3397 | D:4      | Reached skill level 6 in Maces & Flails
  3424 | D:4      | Found The Oracle's Delphic Readings.
  3768 | D:5      | Entered Level 5 of the Dungeon
  3906 | D:5      | Noticed Edmund
  3917 | D:5      | Killed Edmund
  3918 | D:5      | Reached XP level 7. HP: 26/50 MP: 4/7
  4122 | D:5      | Found a staircase to the Ecumenical Temple.
  4132 | Temple   | Entered the Ecumenical Temple
  4646 | D:5      | Found a broken altar of Ashenzari.
  4746 | D:5      | Reached skill level 7 in Maces & Flails
  5206 | D:5      | Noticed Prince Ribbit
  5213 | D:5      | HP: 2/51 [Prince Ribbit (14)]
  5214 | D:5      | Killed Prince Ribbit
  5215 | D:5      | Gained mutation: You sometimes gain a little power by
                  | taking damage. [demonic ancestry]
  5215 | D:5      | Reached XP level 8. HP: 3/58 MP: 1/8
  5416 | D:5      | Found Zoloqale's Jewellery Boutique.
  5482 | D:5      | Found a blossoming altar of Fedhas.
  5982 | D:6      | Found a stormy altar of Qazlal.
  6022 | D:6      | Reached skill level 8 in Maces & Flails
  6510 | D:6      | Reached skill level 9 in Maces & Flails
  6744 | D:6      | Noticed a two-headed ogre
  6761 | D:6      | Gained mutation: You have a moderately thin skeletal
                  | structure. (Dex +4, Stealth++) [demonic ancestry]
  6761 | D:6      | Reached XP level 9. HP: 62/65 MP: 6/9
  6765 | D:6      | Killed a two-headed ogre
  6766 | D:6      | Reached skill level 10 in Maces & Flails
  7606 | D:7      | Reached skill level 5 in Fighting
  7616 | D:7      | Reached skill level 11 in Maces & Flails
  7797 | D:7      | Identified the +0 pair of boots of the Eternal Fruit {Drain
                  | rCorr Dex+4}
  7920 | D:7      | Found a runed translucent door.
  7921 | D:7      | Noticed Crazy Yiuf
  7927 | D:7      | Killed Crazy Yiuf
  8010 | D:7      | Paralysed by a hornet for 1 turns
  8424 | D:8      | Gained mutation: You sometimes gain power by taking damage.
                  | [demonic ancestry]
  8424 | D:8      | Reached XP level 10. HP: 72/74 MP: 10/10
  8453 | D:8      | Noticed Psyche
  8453 | D:8      | Noticed Joseph
  8462 | D:8      | Killed Psyche
  8473 | D:8      | Killed Joseph
  8640 | D:8      | Identified the +9 rapier of Virtue {heavy, Drain rElec
                  | Dex+4}
  8712 | D:8      | Reached skill level 1 in Short Blades
  8979 | D:8      | Noticed Maurice
  8994 | D:8      | Killed Maurice
  9365 | D:9      | Found Jurchept's Antique Armour Shoppe.
  9514 | Temple   | Became a worshipper of Dithmenos the Shadowed
  9947 | D:9      | Noticed a two-headed ogre
  9958 | D:9      | Killed a two-headed ogre
  9959 | D:9      | Reached skill level 12 in Maces & Flails
 10443 | D:9      | Found an iron altar of Okawaru.
 10446 | D:9      | Found a staircase to the Orcish Mines.
 10496 | D:9      | Reached * piety under Dithmenos
 10820 | D:10     | Entered Level 10 of the Dungeon
 10821 | D:10     | Identified a scroll of acquirement
 10821 | D:10     | Acquired 863 gold pieces
 10862 | D:10     | Reached skill level 5 in Short Blades
 10947 | D:10     | Found a staircase to the Lair.
 11093 | D:10     | Gained mutation: Spells you cast may paralyse nearby
                  | enemies. [demonic ancestry]
 11093 | D:10     | Reached XP level 11. HP: 55/81 MP: 8/11
 11114 | D:10     | Found a burning altar of Makhleb.
 11115 | D:10     | Found a sparkling altar of Nemelex Xobeh.
 11148 | D:10     | Found a flagged portal.
 11165 | Bailey   | Entered a bailey
 11364 | Bailey   | Reached skill level 1 in Invocations
 11483 | Bailey   | Noticed a vault guard
 11498 | Bailey   | Killed a vault guard
 11621 | Bailey   | Noticed a vault guard
 11633 | Bailey   | Killed a vault guard
 11880 | D:5      | Bought the ring "Roehel" {Drain rF+ rC+ Will+++ rCorr} for
                  | 737 gold pieces
 12038 | D:10     | Reached ** piety under Dithmenos
 12130 | D:10     | Noticed Harold
 12141 | D:10     | Killed Harold
 12142 | D:10     | Reached skill level 1 in Stealth
 12605 | D:11     | Found Vemaebra's Book Shoppe.
 12680 | D:11     | Noticed a two-headed ogre
 12680 | D:11     | Noticed a brown ugly thing
 12680 | D:11     | Found Zoarir's Book Shop.
 12686 | D:11     | Noticed a boulder beetle
 12688 | D:11     | Killed a two-headed ogre
 12692 | D:11     | Killed a brown ugly thing
 12695 | D:11     | Killed a boulder beetle
 12898 | D:11     | Gained mutation: You are weak. (Str -2) [potion of
                  | mutation]
 12898 | D:11     | Gained mutation: You have hidden genetic potential. [potion
                  | of mutation]
 12898 | D:11     | Gained mutation: Your mind is acute. (Int +4, Str/Dex -1)
                  | [potion of mutation]
 13116 | D:11     | Found Nacwil Bonix's Distillery.
 13147 | D:11     | Found a portal to a secret trove of treasure.
 13286 | D:11     | Found a runed translucent gate.
 13287 | D:11     | Found a runed translucent gate.
 13289 | D:11     | Found an opulent altar of Gozag.
 13289 | D:11     | Found a runed translucent gate.
 13290 | D:11     | Noticed Pimp's ghost (journeyman DrEE)
 13291 | D:11     | Found Pumuicece's Distillery.
 13291 | D:11     | Noticed an orc knight
 13294 | D:11     | Noticed a catoblepas
 13442 | D:11     | a redback changed into a deep troll
 13442 | D:11     | Noticed a deep troll (glowing shapeshifter)
 13445 | D:11     | a deep troll changed into a manticore
 13451 | D:11     | Killed an orc knight
 13466 | D:11     | Killed Pimp's ghost
 13473 | D:11     | a culicivora changed into a mana viper
 13473 | D:11     | Noticed a mana viper (glowing shapeshifter)
 13476 | D:11     | Killed a mana viper
 13477 | D:11     | Gained mutation: You have an unnaturally thin skeletal
                  | structure. (Dex +6, Stealth+++) [demonic ancestry]
 13477 | D:11     | Reached XP level 12. HP: 20/89 MP: 8/15
 13479 | D:11     | Killed a catoblepas
 13851 | D:12     | Reached *** piety under Dithmenos
 13949 | D:12     | Noticed a boulder beetle
 13971 | D:12     | Killed a boulder beetle
 14229 | D:12     | Noticed a centaur warrior
 14234 | D:12     | Killed a centaur warrior
 14632 | D:13     | Reached XP level 13. HP: 96/96 MP: 16/16
 14635 | D:13     | Learned a level 1 spell: Apportation
 14744 | D:13     | Found a gate to the Vaults.
 14749 | D:13     | Reached skill level 5 in Stealth
 14758 | D:13     | Slain by a vault guard

Illustrated notes

Levels and vault maps discovered:
D:1:      tarquinn_simple_flora_water_f, layout_loops_cross, chequers_avenue,
          minivault_26, minmay_heptomino_l4
D:2:      layout_basic, serial_glass, glass_columns_c, glass_columns_a
D:3:      layout_loops_ring, chequers_serial_rivers_micro_c, st_stairs_12,
          hex_tiny, amcnicky_mini_corridor_feature, chequers_jeans,
          item_on_display_a
D:4:      layout_basic, kennysheep_mini, nicolae_nh_oracle_at_delphi, uniq_ijyb,
          uniq_eustachio
D:5:      layout_basic, fedhas_ov_isle_minmay, cheibrodos_ashenzari_chains,
          elyvilon_altar_3, minmay_temple_entry_crystal_x, serial_shops,
          nicolae_shop_window_shopping, grunt_ministairs_4, uniq_prince_ribbit1,
          uniq_edmund
D:6:      layout_cave_pools, grunt_qazlal_clouds, grunt_decor_arrowhead,
          minmay_divided_ellipse
D:7:      cheibrodos_quashed, layout_loops_corners, uniq_crazy_yiuf_cottage
D:8:      layout_cave_pools, uniq_maurice, uniq_psyche, uniq_joseph
D:9:      layout_irregular_city, okawaru_metal_pillars_3, orc_0_dummy,
          serial_shops, shop_statue
D:10:     layout_basic, chequers_temple_overflow_statue_of_worship,
          lair_entry_dummy, enter_bailey_2, uniq_harold
D:11:     layout_cave_pools, ebering_ghost_gozag, serial_shops, shop_fountains,
          nicolae_diamond_shop, shop, shop, nicolae_trove_entry_crossroad,
          hangedman_abyss_or_decor_stagger
D:12:     layout_roguey, kennysheep_generic_room_16
D:13:     layout_grid_maze, lightli_vaults_fourway_checkpoint,
          nicolae_elemental_shop
Temple:   oiseaux_autumnal_temple

Skill      XL: |  1  2  3  4  5  6  7  8  9 10 11 12 13 |
---------------+----------------------------------------+-----
Maces & Flails | 3 4 5 6 7 9 11 12 | 12.5
Armour         | 1 2 3 4 |  4.0
Unarmed Combat | 2 3 4 |  4.0
Evocations     | 2 3 4 |  4.0
Throwing       | 2 |  2.0
Fighting       | 3 4 5 6 7 |  7.3
Short Blades   | 5 8 9 |  9.8
Invocations    | 4 |  4.0
Stealth        | 3 4 5 |  5.2
Translocations | 7 |  7.2
Dodging        | |  2.6

Action                     |  1- 3 |  4- 6 |  7- 9 | 10-12 | 13-15 || total
---------------------------+-------+-------+-------+-------+-------++-------
  Melee: Flail             |   113 |    62 |       |       |       ||   175
         Punch             |     1 |     3 |       |     5 |       ||     9
         Whip              |       |    70 |       |       |       ||    70
         Club              |       |    17 |       |       |       ||    17
         Dire flail        |       |       |   253 |   338 |       ||   591
         Rapier            |       |       |       |   130 |    16 ||   146
  Throw: Dart              |       |    12 |       |     1 |       ||    13
         Throwing net      |       |     2 |       |       |       ||     2
         Stone             |       |     3 |    17 |    21 |       ||    41
         Javelin           |       |       |     1 |     2 |       ||     3
  Evoke: Wand              |       |       |       |     6 |     1 ||     7
         Condenser vane    |       |       |       |       |     1 ||     1
    Use: Scroll            |       |    10 |     5 |     7 |       ||    22
         Potion            |       |     5 |     5 |     8 |       ||    18
   Stab: Sleeping          |     3 |       |       |    10 |     1 ||    14
         Invisible         |       |       |       |     8 |       ||     8
         Petrified         |       |       |       |     5 |       ||     5
         Petrifying        |       |       |       |     1 |       ||     1
         Distracted        |       |       |       |       |     1 ||     1
 Armour: Leather armour    |    24 |       |       |       |       ||    24
         Ring mail         |    35 |    34 |       |       |       ||    69
         Chain mail        |       |     4 |   166 |   303 |     9 ||   482
  Dodge: Dodged            |    89 |    64 |    90 |   225 |     6 ||   474

Table legend: (Time is in decaauts)
 A = Elapsed time spent in this place.
 B = Non-inter-level travel time spent in this place.
 C = Inter-level travel time spent in this place.
 D = Time resting spent in this place.
 E = Time spent auto-exploring this place.
 F = Levels seen in this place.
 G = Mean time per level.
                   A        B        C        D        E       F      G
               +--------+--------+--------+--------+--------+-----+--------+
         Total |  14675 |  12647 |   2028 |   2422 |   6883 |  15 |  978.3 |
       Dungeon |  13707 |  11794 |   1913 |   2319 |   6342 |  13 | 1054.4 |
        Temple |    407 |    292 |    115 |      0 |    277 |   1 |  407.0 |
        Bailey |    560 |    560 |      0 |    103 |    263 |   1 |  560.0 |
               +--------+--------+--------+--------+--------+-----+--------+

Top non-repeatable levels by time:
     D:5: 1928 daAuts
     D:4: 1368 daAuts
     D:7: 1350 daAuts
     D:9: 1284 daAuts
    D:10: 1148 daAuts
     D:3: 1037 daAuts
     D:6: 1036 daAuts
     D:8: 1022 daAuts
    D:11: 1011 daAuts
     D:1: 821 daAuts
     D:2: 749 daAuts
    D:12: 737 daAuts
  Bailey: 560 daAuts
  Temple: 407 daAuts
    D:13: 210 daAuts
